 Dungeon Crawl Stone Soup version 0.30-a0-782-ge64f9170bb (webtiles) character file.

Game seed: 4365886343325167500

5131 HoaS the Marksgargoyle (level 10, -3/53 HPs)
             Began as a Gargoyle Hunter on Mar 9, 2023.
             Slain by Erica
             ... wielding a +4 scimitar of flaming
              (6 damage)
             ... on level 8 of the Dungeon.
             The game lasted 00:14:41 (7094 turns).

HoaS the Marksgargoyle (Gargoyle Hunter)            Turns: 7094, Time: 00:14:43

Health: -3/53      AC: 17    Str: 16    XL:     10   Next: 58%
Magic:  10/10      EV: 12    Int:  9    God:
Gold:   943        SH:  0    Dex: 21    Spells: 9/9 levels left

rFire   . . .      SeeInvis .    a - +1 shortbow (drain)
rCold   . . .      Faith    .    (shield currently unavailable)
rNeg    + . .      Spirit   .    c - +1 leather armour
rPois   ∞          Reflect  .    (no helmet)
rElec   +          Harm     .    l - +1 cloak
rCorr   .          Rampage  .    (no gloves)
Will    .....                    o - +3 pair of boots of Existentialism {Dex+4}
Stlth   ++                       (no amulet)
HPRegen 0.28/turn                m - ring of flight
MPRegen 0.12/turn                (no ring)

@: flying, slowed, very slow
A: sickness immunity, AC +7, negative energy resistance 1, electricity
resistance, torment resistance 1, petrification resistance
a: no special abilities


You were on level 8 of the Dungeon.
You visited 2 branches of the dungeon, and saw 9 of its levels.
You also visited: Bailey.

You collected 943 gold pieces.

Inventory:

Hand Weapons
 a - a +1 shortbow of draining (weapon)
Armour
 c - a +1 leather armour (worn)
 l - a +1 cloak (worn)
 o - the +3 pair of boots of Existentialism (worn) {Dex+4}
   (You acquired it on level 3 of the Dungeon)

   Dex:       It affects your dexterity (+4).
 v - +0 acid dragon scales
 w - a +1 cloak
Jewellery
 m - a ring of flight (left hand)
Wands
 e - a wand of flame (30)
 p - a wand of charming (17)
 s - a wand of mindburst (16)
 u - a wand of acid (14)
Scrolls
 b - 3 scrolls of immolation
 d - 2 scrolls of blinking
 h - 2 scrolls of noise
 n - a scroll of fog
 q - a scroll of teleportation
 r - 3 scrolls of fear
Potions
 f - a potion of cancellation
 g - 4 potions of curing
 i - a potion of invisibility
 j - 3 potions of lignification
 k - 3 potions of flight
 t - a potion of haste


   Skills:
 - Level 2.1 Fighting
 + Level 15.5 Ranged Weapons
 - Level 1.5 Dodging
 - Level 1.1 Stealth


You had 9 spell levels left.
You didn't know any spells.
Your spell library contained the following spells:

 Spells                   Type           Power      Damage    Failure   Level
 Apportation              Tloc           0%         N/A       45%         1
 Ensorcelled Hibernation  Hex/Ice        0%         N/A       58%         2
 Passwall                 Tmut/Erth      0%         N/A       58%         2
 Swiftness                Air            0%         N/A       83%         3
 Alistair's Intoxication  Tmut/Pois      0%         N/A       100%        5


Dungeon Overview and Level Annotations

Branches:
Dungeon (8/15)             Temple (1/1) D:4          Bailey (visited)
   Lair: D:8-11

Altars:
Ashenzari
Cheibriados
Dithmenos
Elyvilon
Fedhas
Gozag
Hepliaklqana
Kikubaaqudgha
Nemelex Xobeh
Qazlal
Ru
Sif Muna
Uskayaw
Wu Jian
Xom
Yredelemnul
The Shining One

Annotations:
D:8 Erica


Innate Abilities, Weirdness & Mutations

You are immune to sickness and miasma.
Your stone body is resilient. (AC +7)
You are immune to poison.
You resist negative energy. (rN+)
You are resistant to electric shocks. (rElec)
You are resistant to unholy torment.
You are immune to petrification.


Message History

Something tries to affect you, but you resist.
Something tries to affect you, but you resist.
Things that are here:
+0 acid dragon scales; an acid dragon corpse v - +0 acid dragon scales You hear a zap.
Something tries to affect you, but you resist.
You see here a +1 cloak.
w - a +1 cloak You hear some strange, mumbled words.
You are confused.
You bump into the rock wall.
You hear a zap.
Something tries to affect you, but you resist.
You hear some strange, mumbled words.
A lance of force appears from out of thin air!
The lance of force misses you.
You hear a zap.
Your will is overpowered!
You are more confused.
The now-empty wand crumbles to dust.
Something hits you but does no damage.
You miss something.
You hear some strange, mumbled words.
Something tries to affect you, but you resist.
You miss something. Something hits you but does no damage. Something hits you!
Something burns you.
You completely miss something. Something hits you. Something burns you.
You clumsily bash something but do no damage.
You feel less confused. Something hits you. Something burns you.
You hear some strange, mumbled words.
You feel yourself slow down.
You shoot an arrow. Something hits you but does no damage.
You shoot an arrow. Something barely misses you.
You shoot an arrow. Something hits you! Something burns you.
You shoot an arrow. Something hits you but does no damage.
You shoot an arrow. Something hits you!
* * * LOW HITPOINT WARNING * * *
Something burns you.
You die...

###..≈.8.≈..###$#
#..≈...≈......#
#..≈≈.≈≈.#.####
.#..≈≈.≈≈.†.#
....≈≈.≈≈.###
.##.≈≈_≈≈.#
....≈≈≈≈≈.#
.##..≈≈≈.{#
#...?...@#
....##.####
....... .##.#.>
.. ... # .#.# .#


There were no monsters in sight!

Vanquished Creatures
  Pikel (D:6)
  Joseph (D:7)
  3 yaks (D:7)
  Menkaure (D:6)
  An acid dragon (D:8)
  Duvessa (D:7)
  4 orc warriors (Bailey)
  4 ice beasts
  4 black bears
  2 centaurs
  2 ogres
  3 lemures (D:5)
  7 kobold brigands
  2 bullfrogs
  5 scorpions
  A necrophage (D:2)
  A gnoll sergeant (D:5)
  4 wights (D:6)
  Dowan (D:7)
  A howler monkey (D:4)
  2 electric eels (D:7)
  5 hounds
  3 jellies
  6 iguanas
  Ijyb (D:4)
  2 orc wizards
  9 adders
  10 gnolls
  A shadow imp (D:7)
  A white imp (D:7)
  2 worms
  2 dart slugs
  23 orcs
  5 endoplasms
  A giant cockroach (D:4)
  5 goblins
  2 hobgoblins
  7 jackals
  3 quokkas
  6 ball pythons
  3 bats
  A frilled lizard (D:1)
  27 kobolds
  4 rats
180 creatures vanquished.

Vanquished Creatures (others)
  5 plants (D:7)
5 creatures vanquished.

Grand Total: 185 creatures vanquished

Notes
Turn   | Place    | Note
-------+----------+-------------------------------------------
     0 | D:1      | HoaS the Gargoyle Hunter began the quest for the Orb.
     0 | D:1      | Reached XP level 1. HP: 12/12 MP: 1/1
   201 | D:1      | Reached XP level 2. HP: 17/17 MP: 2/2
   908 | D:2      | Reached skill level 5 in Ranged Weapons
   908 | D:2      | Reached XP level 3. HP: 17/21 MP: 3/3
  1033 | D:2      | Reached XP level 4. HP: 26/26 MP: 4/4
  1509 | D:3      | Noticed a necrophage
  1528 | D:2      | Killed a necrophage
  1529 | D:2      | Reached skill level 6 in Ranged Weapons
  1529 | D:2      | Reached XP level 5. HP: 25/30 MP: 5/5
  1859 | D:3      | Identified a scroll of acquirement
  1859 | D:3      | Acquired the +3 pair of boots of Existentialism {Dex+4}
  2146 | D:3      | Reached skill level 7 in Ranged Weapons
  2242 | D:3      | Reached XP level 6. HP: 35/35 MP: 6/6
  2278 | D:3      | Found a sacrificial altar of Ru.
  2516 | D:4      | Found a staircase to the Ecumenical Temple.
  2522 | D:4      | Noticed a black bear
  2522 | D:4      | Noticed a black bear
  2557 | D:3      | Killed a black bear
  2589 | D:3      | Killed a black bear
  2590 | D:3      | Reached skill level 8 in Ranged Weapons
  2590 | D:3      | Reached XP level 7. HP: 38/40 MP: 7/7
  2616 | Temple   | Entered the Ecumenical Temple
  2803 | D:4      | Noticed Ijyb
  2819 | D:4      | Killed Ijyb
  3004 | D:4      | Reached skill level 9 in Ranged Weapons
  3036 | D:4      | Found a shimmering altar of Xom.
  3190 | D:4      | Found a blossoming altar of Fedhas.
  3426 | D:5      | Entered Level 5 of the Dungeon
  3512 | D:5      | Reached XP level 8. HP: 44/44 MP: 8/8
  3786 | D:5      | Reached skill level 10 in Ranged Weapons
  4285 | D:6      | Reached skill level 11 in Ranged Weapons
  4429 | D:6      | Reached XP level 9. HP: 43/48 MP: 9/9
  4695 | D:6      | Reached skill level 12 in Ranged Weapons
  4785 | D:6      | Found a hide-covered altar of Uskayaw.
  4805 | D:6      | Noticed Pikel
  4829 | D:6      | Killed Pikel
  5020 | D:6      | Reached skill level 13 in Ranged Weapons
  5046 | D:6      | Identified the +3 spear of Lagif {flame, rElec Str+2 Int-3
                  | SInv}
  5064 | D:6      | Identified the -1 buckler "Viunipn" {Int+3}
  5081 | D:6      | Noticed Menkaure
  5090 | D:6      | Killed Menkaure
  5657 | D:7      | Reached skill level 14 in Ranged Weapons
  5657 | D:7      | Reached XP level 10. HP: 46/53 MP: 10/10
  5695 | D:7      | Found a broken altar of Ashenzari.
  5760 | D:7      | Found a flagged portal.
  5769 | Bailey   | Entered a bailey
  5897 | Bailey   | Identified the +1 ring mail of the Exiled Mystics {rF++
                  | SInv}
  6067 | Bailey   | Found an iron altar of Okawaru.
  6081 | Bailey   | Identified the +1 plate armour of Subjectivity {rF+ Will-
                  | rCorr SInv}
  6123 | D:7      | Reached skill level 15 in Ranged Weapons
  6363 | D:7      | Noticed Duvessa
  6373 | D:7      | Noticed Dowan
  6376 | D:7      | Killed Duvessa
  6382 | D:7      | Killed Dowan
  6552 | D:7      | Found a sparkling altar of Nemelex Xobeh.
  6583 | D:7      | Noticed Joseph
  6601 | D:7      | Killed Joseph
  7056 | D:8      | Found a hazy altar of Hepliaklqana.
  7066 | D:8      | Noticed Erica
  7094 | D:8      | Slain by Erica

Illustrated notes

Levels and vault maps discovered:
D:1:      matt_arrival_grand_opening, layout_basic
D:2:      layout_rooms
D:3:      layout_basic, lemuel_tele_altar
D:4:      layout_basic, fedhas_altar_4, tgw_xom,
          minmay_temple_entry_drinking_statues, uniq_ijyb
D:5:      layout_loops_ring, minmay_crystal_water, serial_bayou_pond_b,
          minmay_crossroads
D:6:      minmay_skewed_foursquare, layout_cave_pods, kennysheep_mini,
          uniq_pikel, uniq_menkaure
D:7:      layout_layer_cave, nemelex_diamond_rough_becter,
          mainiacjoe_overflow_chevrons, serial_bayou, serial_bayou_crossing,
          serial_bayou_pond_e, serial_bayou_pond_c, serial_bayou_pond_d,
          serial_bayou_lagoon_a, serial_bayou_pond_e, enter_bailey_2,
          dk_noncrumbling_4, minivault_5, uniq_joseph, uniq_duvessa
D:8:      layout_loops_cross, bloody_trog, mainiacjoe_overflow_catwalk,
          nicolae_vehumet_altar_sigil, nicolae_overflow_crystal_walls,
          supply_closet_lemuel, dk_rats_in_the_wall, uniq_erica, uniq_psyche
Temple:   nicolae_temple_bog_church

Skill      XL: |  1  2  3  4  5  6  7  8  9 10 |
---------------+-------------------------------+-----
Ranged Weapons | 5 6 7 8 9 11 14 15 | 15.5
Fighting       | |  2.1
Dodging        | |  1.5
Stealth        | |  1.1

Action                     |  1- 3 |  4- 6 |  7- 9 | 10-12 || total
---------------------------+-------+-------+-------+-------++-------
  Melee: Shortbow          |       |       |       |     6 ||     6
   Fire: Shortbow          |    83 |   120 |   331 |   215 ||   749
    Use: Scroll            |       |    15 |     6 |     2 ||    23
         Potion            |       |     1 |       |     3 ||     4
 Armour: Leather armour    |    15 |    30 |    56 |    49 ||   150
  Dodge: Dodged            |    38 |    50 |    69 |    64 ||   221

Table legend: (Time is in decaauts)
 A = Elapsed time spent in this place.
 B = Non-inter-level travel time spent in this place.
 C = Inter-level travel time spent in this place.
 D = Time resting spent in this place.
 E = Time spent auto-exploring this place.
 F = Levels seen in this place.
 G = Mean time per level.
                   A        B        C        D        E       F      G
               +--------+--------+--------+--------+--------+-----+--------+
         Total |   7105 |   6921 |    184 |    657 |   4867 |  10 |  710.5 |
       Dungeon |   6675 |   6501 |    174 |    580 |   4673 |   8 |  834.4 |
        Temple |    118 |    108 |     10 |      0 |     99 |   1 |  118.0 |
        Bailey |    311 |    311 |      0 |     77 |     95 |   1 |  311.0 |
               +--------+--------+--------+--------+--------+-----+--------+

Top non-repeatable levels by time:
     D:7: 1210 daAuts
     D:6: 1063 daAuts
     D:1: 1002 daAuts
     D:3: 927 daAuts
     D:5: 919 daAuts
     D:4: 917 daAuts
     D:2: 584 daAuts
  Bailey: 311 daAuts
  Temple: 118 daAuts
     D:8: 50 daAuts
